 Dungeon Crawl Stone Soup version 0.22-a0-458-gb446440 (webtiles) character file.

1524 epen the Cutter (level 8, 0/68 HPs)
             Began as a White Draconian Assassin on June 8, 2018.
             Slain by a manticore (13 damage)
             ... on level 6 of the Dungeon.
             The game lasted 00:17:40 (6942 turns).

epen the Cutter (White Draconian Assassin)          Turns: 6942, Time: 00:17:40

Health: 0/68       AC:  8    Str: 20    XL:     8   Next: 54%
Magic:  8/8        EV: 13    Int: 11    God:
Gold:   353        SH:  0    Dex: 14    Spells: 7/7 levels left

rFire    + . .     SeeInvis .   A - +1 dagger (speed)
rCold    + + .     Gourm    .   (no shield)
rNeg     . . .     Faith    .   (armour unavailable)
rPois    .         Spirit   .   (helmet restricted)
rElec    .         Reflect  .   q - scarf {rC+ rF+}
rCorr    .         Harm     .   r - +0 pair of gloves
MR       .....                  y - +0 pair of boots
Stlth    +++.......             t - amulet of regeneration
HPRegen  0.61/turn              (no ring)
MPRegen  0.11/turn              (no ring)

@: mighty, short of breath, heavily drained
A: breathe frost, unfitting armour, cold resistance 1, cold-blooded, AC +6
a: Breathe Frost


You were on level 6 of the Dungeon.
You were not hungry.

You visited 1 branch of the dungeon, and saw 6 of its levels.

You collected 353 gold pieces.

Inventory:

Hand Weapons
 a - a +2 dagger
 b - a +0 blowgun
 A - a +1 dagger of speed (weapon)
Missiles
 d - 57 poisoned needles
 e - 2 curare-tipped needles
Armour
 c - a +0 cloak
 g - a scarf of resistance
 q - a scarf of resistance (worn)
 r - a +0 pair of gloves (worn)
 y - a +0 pair of boots (worn)
Jewellery
 t - an amulet of regeneration (around neck)
 D - a cursed -3 ring of strength {unknown}
Scrolls
 n - a scroll of noise {unknown}
 u - 2 scrolls of remove curse
 w - 3 scrolls of fog
 B - a scroll of blinking {unknown}
 C - a scroll of amnesia
Potions
 h - 2 potions of mutation
 i - a potion of haste {unknown}
 m - 2 potions of cancellation
 o - 2 potions of degeneration
 p - a potion of heal wounds {unknown}
 v - 2 potions of curing
 x - 3 potions of flight
 z - a potion of resistance {unknown}
Comestibles
 f - 11 rations


   Skills:
 + Level 5.2(3.6) Fighting
 * Level 6.5(4.8) Short Blades
 + Level 3.6(2.0) Throwing
 + Level 3.9(2.4) Dodging
 * Level 6.1(4.4) Stealth


You had 7 spell levels left.
You didn't know any spells.
Your spell library was empty.

Dungeon Overview and Level Annotations

Branches:
Dungeon (6/15)             Temple (0/1) D:6

Altars:
Ru
The Shining One


Innate Abilities, Weirdness & Mutations

You can breathe waves of freezing cold.
You can buffet flying creatures when you breathe cold.
Your icy white scales are hard. (AC +6)
You cannot fit into any form of body armour.
Your flesh is cold resistant. (rC+)
You are cold-blooded and may be slowed by cold attacks.


Message History

The manticore is lightly wounded.
You hit the manticore but do no damage.
The manticore is lightly wounded.
The manticore bites you!
* * * LOW HITPOINT WARNING * * *
The manticore claws you.
* * * LOW HITPOINT WARNING * * *
The manticore misses you.
You feel better. The manticore closely misses you. x2
The manticore claws you!
* * * LOW HITPOINT WARNING * * *
Okay, then.
Okay, then.
Okay, then.
Okay, then.
It was a potion of might.
You feel very mighty all of a sudden.
You carefully extract the barbed spikes from your body.
The manticore bites you!
You die...

##############
#####............#
#.....######.....##...
#.###.# #@H...........
######.#######.##...%.##.##
#.(.........##.##.....#
#.####.####.##.####.###
#.#.......#.##.# #.#
###.#.##.##.#.##.. ..#
#.#.#.#...#.#.#### #.#
#......._.......#####.#
#.#.#.#...#.#z#.......#


You could see a manticore.

Vanquished Creatures
  An orc warrior (D:6)
  A sky beast (D:6)
  An ogre (D:3)
  A phantom (D:5)
  A centaur (D:5)
  2 bullfrogs (D:6)
  2 scorpions
  3 wights (D:6)
  2 crimson imps
  A quasit (D:5)
  An orc priest (D:4)
  An iguana (D:5)
  Terence (D:2)
  8 orc wizards
  3 worker ants
  A worker ant zombie (D:5)
  A howler monkey zombie (D:5)
  Robin (D:4)
  7 adders
  A shadow imp (D:5)
  An ooze (D:5)
  An adder skeleton (D:4)
  4 worms
  3 dart slugs
  4 leopard geckos
  19 orcs
  A ball python (D:3)
  5 giant cockroaches
  9 goblins
  15 hobgoblins
  7 jackals
  11 kobolds
  2 quokkas (D:3)
  7 bats
  5 frilled lizards
  A giant cockroach zombie (D:5)
  A leopard gecko skeleton (D:6)
  2 quokka skeletons
  8 rats
146 creatures vanquished.

Vanquished Creatures (others)
  An orc wizard (D:5)
1 creature vanquished.

Grand Total: 147 creatures vanquished

Notes
Turn   | Place    | Note
-------+----------+-------------------------------------------
     0 | D:1      | epen the Draconian Assassin began the quest for the Orb.
     0 | D:1      | Reached XP level 1. HP: 17/17 MP: 1/1
    27 | D:1      | Reached skill level 1 in Dodging
    46 | D:1      | Reached XP level 2. HP: 25/25 MP: 2/2
   515 | D:1      | Reached XP level 3. HP: 30/30 MP: 3/3
  1172 | D:2      | Noticed Terence
  1199 | D:2      | Killed Terence
  1199 | D:2      | Reached XP level 4. HP: 37/38 MP: 4/4
  2324 | D:3      | Found a faded altar of an unknown god.
  2326 | D:3      | Became a worshipper of the Shining One
  2326 | D:3      | Reached * piety under the Shining One
  2342 | D:3      | Fell from the grace of the Shining One
  2514 | D:3      | Noticed an ogre
  2518 | D:3      | Killed an ogre
  2518 | D:3      | Reached XP level 5. HP: 45/45 MP: 5/5
  3296 | D:3      | Reached XP level 6. HP: 42/51 MP: 6/6
  4198 | D:4      | Noticed Robin
  4258 | D:4      | Killed Robin
  4851 | D:5      | Entered Level 5 of the Dungeon
  5123 | D:5      | Your scales start taking on an icy white colour.
  5123 | D:5      | Reached XP level 7. HP: 56/59 MP: 7/7
  5123 | D:5      | Gained mutation: Your flesh is cold resistant. (rC+) [White Draconian growth]
  5217 | D:5      | Reached skill level 5 in Short Blades
  5292 | D:5      | Reached skill level 5 in Stealth
  6029 | D:5      | Reached XP level 8. HP: 67/67 MP: 8/8
  6210 | D:6      | Found a staircase to the Ecumenical Temple.
  6338 | D:6      | Found a sacrificial altar of Ru.
  6505 | D:6      | Reached skill level 5 in Fighting
  6920 | D:6      | Noticed a manticore
  6942 | D:6      | Slain by a manticore

Vault maps used:
D:1:      nzn_arrival_water_spiral
D:2:      uniq_terence
D:3:      chequers_ecumenical_altar_twisty, first_ration
D:4:      roderic_serpentine_path, uniq_robin
D:6:      minitemple, nicolae_ru_sacrificial_ziggurat,
          minmay_temple_entry_from_below_a, minivault_26

Skill      XL: |  1  2  3  4  5  6  7  8 |
---------------+-------------------------+-----
Dodging        | 1 2 3 |  3.9
Short Blades   | 3 4 5 6 |  6.5
Fighting       | 3 4 5 |  5.2
Stealth        | 4 5 6 |  6.1
Throwing       | 2 3 |  3.6

Action                   |  1- 3 |  4- 6 |  7- 9 || total
-------------------------+-------+-------+-------++-------
Melee: Dagger            |   135 |   384 |   461 ||   980
       Tailslap          |    13 |    72 |    62 ||   147
 Fire: Blowgun           |     6 |    12 |     2 ||    20
Invok: Renounce Religion |       |     1 |       ||     1
 Abil: Breathe Frost     |       |       |    24 ||    24
  Use: Scroll            |       |     8 |     5 ||    13
       Potion            |       |       |     2 ||     2
 Stab: Sleeping          |     5 |    13 |     5 ||    23
  Eat: Chunk             |       |    11 |     7 ||    18
       Ration            |       |     1 |     1 ||     2
Armor: Skin              |    24 |    87 |   109 ||   220
Dodge: Dodged            |    72 |   174 |   173 ||   419

Table legend:
 A = Spawn XP
 B = Non-spawn XP
 C = Spawn XP percentage of total XP
 D = Spawn monster count
 E = Non-spawn monster count
 F = Spawn count percentage of total count
 G = Total turns spent on level
                    A         B        C        D         E        F      G
               +---------+---------+-------+---------+---------+-------+---------
         Total |       0 |    2178 |   0.0 |       0 |     147 |   0.0 |  6942
               +---------+---------+-------+---------+---------+-------+---------
           D:1 |       0 |      45 |   0.0 |       0 |      27 |   0.0 |   614
           D:2 |       0 |     116 |   0.0 |       0 |      23 |   0.0 |  1662
           D:3 |       0 |     229 |   0.0 |       0 |      25 |   0.0 |  1112
           D:4 |       0 |     224 |   0.0 |       0 |      24 |   0.0 |  1463
           D:5 |       0 |     827 |   0.0 |       0 |      37 |   0.0 |  1332
           D:6 |       0 |     737 |   0.0 |       0 |      11 |   0.0 |   759
               +---------+---------+-------+---------+---------+-------+---------
